Map: Deathaura LE

Players

Denver

  • Race: Zerg Zerg
  • League: Grandmaster
  • Spawn Location: 11:00

HellraiseR - Winner!

  • Race: Protoss Protoss
  • League: Master
  • Spawn Location: 5:00

Event: DreamHack SC2 Masters 2020 Winter

VOD

Have the link to the VOD?

Description

Time

  • Played on: Oct. 27, 2020, 1:10 p.m.
  • Length: 14:07

All games in this series

Show
View Real Time Build Order
Export as new Build Order

Denver Zerg 

Build Orders: Hatch First, Lurkers 

Get SALT Encoding   

  12  0:00  Drone  
  13  0:12  Overlord  
  13  0:16  Drone  
  14  0:30  Drone x2  
  16  0:48  Hatchery  
  15  0:52  Drone  
  15  0:55  Drone  
  17  0:58  Drone  
  18  1:09  Extractor  
  17  1:13  Spawning Pool  
  17  1:18  Drone  
  17  1:20  Drone  
  18  1:28  Drone  
  19  1:39  Drone  
  20  1:50  Overlord  
  20  2:01  Queen x2  
  20  2:04  Zergling x4  
  26  2:11  Metabolic Boost  
  26  2:13  Drone  
  27  2:17  Drone  
  28  2:25  Drone  
  28  2:26  Drone  
  30  2:40  Hatchery  
  30  2:41  Drone  
  30  2:44  Drone  
  30  2:49  Overlord  
  31  2:53  Drone  
  32  2:59  Queen  
  32  3:04  Drone x2  
  36  3:09  Drone x2  
  38  3:13  Drone x2  
  38  3:17  Overlord  
  40  3:24  Drone x2  
  40  3:26  Spore Crawler  
  41  3:29  Spore Crawler  
  41  3:30  Drone  
  41  3:31  Drone  
  42  3:41  Overlord  
  42  3:42  Drone x2  
  42  3:43  Drone x2  
  46  3:53  Queen  
  46  3:54  Drone x2  
  49  3:59  Overlord  
  49  4:02  Queen  
  49  4:06  Overlord  
  49  4:08  Spore Crawler  
  50  4:12  Drone x4  
  54  4:18  Drone x4  
  57  4:24  Spore Crawler  
  57  4:26  Spore Crawler  
  57  4:28  Spore Crawler  
  53  4:32  Drone x5  
  53  4:35  Roach Warren  
  53  4:37  Lair  
  60  4:40  Drone x2  
  60  4:44  Drone  
  63  4:47  Extractor  
  63  4:48  Drone x5, Extractor  
  63  4:50  Drone  
  67  4:53  Drone x3  
  70  5:01  Zergling x6  
  70  5:02  Zergling x2  
  73  5:09  Extractor, Overlord  
  73  5:13  Overlord  
  72  5:14  Overlord  
  72  5:19  Drone, Overlord  
  73  5:21  Hatchery  
  73  5:28  Drone x9  
  79  5:30  Extractor  
  79  5:33  Queen  
  79  5:34  Overseer  
  82  5:37  Drone  
  82  5:38  Hydralisk Den  
  81  5:44  Drone x3, Spore Crawler  
  81  5:47  Drone, Spore Crawler  
  81  5:48  Spore Crawler  
  82  5:52  Drone x5  
  82  5:56  Evolution Chamber, Extractor  
  84  5:59  Drone, Overlord  
  85  6:08  Drone x2, Spore Crawler  
  85  6:09  Muscular Augments  
  86  6:16  Hydralisk x2  
  90  6:22  Zerg Missile Weapons Level 1  
  90  6:23  Hydralisk x3  
  90  6:24  Hatchery  
  95  6:33  Extractor, Hydralisk x4  
  95  6:34  Extractor  
  95  6:37  Drone x3  
  104  6:41  Spire  
  104  6:42  Overlord  
  104  6:46  Drone x4  
  107  6:53  Hydralisk x3  
  113  6:58  Overlord  
  113  7:05  Spore Crawler x2  
  113  7:06  Drone x4  
  113  7:07  Overseer  
  115  7:11  Overlord  
  115  7:20  Drone x8  
  115  7:21  Extractor, Grooved Spines  
  115  7:22  Extractor  
  121  7:23  Drone x2  
  121  7:24  Evolution Chamber  
  121  7:28  Lurker Den, Hydralisk x3  
  127  7:30  Pneumatized Carapace  
  127  7:32  Overseer  
  127  7:35  Overlord  
  127  7:36  Overlord  
  127  7:43  Overlord  
  127  7:44  Drone  
  127  7:46  Infestation Pit, Hydralisk  
  127  7:47  Hydralisk x2  
  133  7:51  Drone  
  133  7:52  Drone x2  
  133  7:53  Spore Crawler x2  
  133  7:57  Zerg Flyer Weapons Level 1  
  134  8:01  Drone x6  
  134  8:03  Overlord  
  140  8:07  Hydralisk x3  
  146  8:17  Corruptor x3  
  146  8:19  Overlord  
  152  8:22  Zerg Missile Weapons Level 2  
  152  8:24  Overlord  
  152  8:25  Overlord  
  152  8:27  Corruptor  
  152  8:33  Corruptor x2  
  158  8:35  Extractor  
  158  8:37  Corruptor x2  
  161  8:43  Overlord x3  
  161  8:51  Hive  
  161  8:52  Zerg Ground Armor Level 1  
  161  8:53  Corruptor  
  163  9:00  Overlord x2  
  163  9:01  Overlord  
  163  9:02  Drone x3, Extractor  
  165  9:03  Corruptor  
  165  9:05  Lurker  
  165  9:06  Lurker  
  165  9:09  Overlord  
  169  9:13  Corruptor  
  169  9:14  Corruptor  
  173  9:24  Lurker x2  
  174  9:31  Lurker  
  174  9:32  Lurker  
  174  9:33  Spine Crawler x2  
  174  9:35  Spine Crawler  
  174  9:38  Corruptor x2, Spine Crawler  
  172  9:44  Overlord  
  176  9:46  Corruptor x2  
  176  9:48  Hatchery  
  176  9:50  Lurker  
  176  9:51  Drone x4, Spore Crawler x2  
  176  9:52  Spore Crawler x2  
  180  9:54  Spore Crawler  
  180  9:55  Zerg Flyer Weapons Level 2  
  179  10:00  Zergling x12  
  179  10:04  Spire  
  184  10:12  Viper  
  187  10:17  Adaptive Talons  
  187  10:24  Viper  
  190  10:32  Viper, Spine Crawler  
  190  10:33  Spine Crawler  
  190  10:34  Spine Crawler  
  190  10:36  Spine Crawler x2  
  190  10:42  Spore Crawler  
  187  10:44  Spore Crawler  
  187  10:47  Lurker x2  
  187  10:49  Corruptor x3  
  190  10:58  Corruptor x2  
  194  11:05  Drone x6  
  196  11:19  Spore Crawler  
  196  11:20  Spore Crawler  
  196  11:21  Spore Crawler x2, Corruptor x3  
  196  11:24  Zerg Flyer Armor Level 1  
  185  11:34  Corruptor  
  185  11:35  Corruptor x5  
  185  11:39  Drone x2  
  198  11:42  Lurker  
  198  11:43  Lurker  
  197  11:53  Lurker x2  
  199  11:58  Spine Crawler  
  199  12:01  Spine Crawler  
  195  12:16  Drone  
  195  12:17  Drone x2  
  195  12:18  Spore Crawler  
  195  12:21  Spine Crawler  
  196  12:23  Seismic Spines, Spine Crawler  
  195  12:35  Drone  
  195  12:36  Drone x3  
  199  12:38  Extractor  
  194  13:14  Corruptor x4  
  174  13:20  Corruptor x10  
  160  13:27  Hydralisk x6  
  160  13:29  Zergling x14  
  160  13:30  Zergling x6  
Show
View Real Time Build Order
Export as new Build Order

HellraiseR Protoss - Winner!

Build Orders: 1 Gate Expand, Oracle Opening 

Get SALT Encoding   

  12  0:00  Probe  
  13  0:12  Probe  
  14  0:18  Pylon  
  14  0:24  Probe (Chrono Boost)  
  15  0:37  Gateway  
  15  0:38  Probe (Chrono Boost)  
  16  0:43  Probe (Chrono Boost)  
  16  0:46  Assimilator  
  17  0:52  Probe  
  18  1:04  Probe  
  19  1:16  Probe  
  20  1:24  Nexus  
  20  1:34  Cybernetics Core  
  20  1:37  Probe  
  21  1:43  Assimilator  
  21  1:49  Probe  
  21  1:53  Pylon  
  22  2:01  Probe (Chrono Boost)  
  23  2:08  Adept (Chrono Boost)  
  23  2:13  Probe (Chrono Boost)  
  23  2:15  Stargate  
  26  2:20  Probe (Chrono Boost)  
  27  2:23  Warp Gate  
  27  2:29  Probe (Chrono Boost)  
  28  2:33  Stalker  
  28  2:36  Probe (Chrono Boost)  
  32  2:45  Probe x2 (Chrono Boost)  
  32  2:50  Probe (Chrono Boost)  
  33  2:52  Probe, Void Ray (Chrono Boost)  
  35  3:02  Probe  
  35  3:04  Probe  
  41  3:11  Pylon  
  41  3:14  Probe  
  41  3:17  Probe  
  43  3:23  Assimilator  
  43  3:25  Assimilator  
  43  3:26  Probe  
  44  3:28  Oracle (Chrono Boost)  
  44  3:29  Probe  
  48  3:37  Pylon  
  48  3:38  Probe  
  49  3:41  Probe  
  50  3:50  Probe  
  50  3:52  Stargate  
  50  3:53  Probe  
  52  4:01  Void Ray (Chrono Boost)  
  52  4:03  Probe  
  52  4:06  Probe  
  58  4:12  Adept  
  58  4:15  Probe  
  61  4:18  Probe  
  61  4:22  Nexus  
  62  4:33  Pylon  
  62  4:35  Pylon  
  62  4:44  Void Ray (Chrono Boost)  
  62  4:49  Robotics Facility  
  62  4:52  Void Ray (Chrono Boost)  
  70  4:53  Probe x2  
  70  4:57  Shield Battery  
  72  5:00  Forge  
  72  5:05  Probe x2  
  74  5:12  Pylon  
  74  5:17  Probe  
  74  5:18  Probe  
  76  5:24  Void Ray x2  
  76  5:32  Probe (Chrono Boost)  
  76  5:34  Probe (Chrono Boost)  
  76  5:35  Probe (Chrono Boost)  
  87  5:42  Protoss Air Weapons Level 1  
  88  5:44  Assimilator, Observer  
  88  5:45  Robotics Bay, Probe x2 (Chrono Boost)  
  88  5:46  Assimilator, Probe (Chrono Boost)  
  88  5:48  Zealot  
  93  5:51  Probe  
  93  5:53  Probe  
  93  5:55  Robotics Facility  
  95  5:58  Photon Cannon  
  95  6:00  Probe  
  95  6:03  Pylon  
  96  6:08  Probe x2  
  98  6:14  Pylon  
  98  6:15  Void Ray x2  
  98  6:22  Pylon  
  98  6:23  Probe  
  98  6:24  Probe  
  108  6:26  Probe  
  108  6:31  Colossus (Chrono Boost)  
  109  6:35  Probe  
  109  6:36  Probe  
  117  6:40  Pylon x2  
  117  6:46  Extended Thermal Lance  
  117  6:49  Pylon x2  
  117  6:51  Protoss Ground Weapons Level 1 (Chrono Boost)  
  117  6:57  Colossus (Chrono Boost)  
  123  7:13  Colossus (Chrono Boost)  
  123  7:18  Nexus  
  123  7:20  Pylon  
  129  7:28  Twilight Council  
  129  7:30  Gateway  
  129  7:31  Gateway  
  129  7:33  Probe x3  
  129  7:36  Gateway  
  132  7:39  Observer  
  132  7:40  Photon Cannon  
  132  7:42  Shield Battery  
  133  7:45  Photon Cannon, Probe x2  
  133  7:46  Shield Battery  
  133  7:48  Probe  
  136  7:57  Gateway x2  
  136  7:58  Probe  
  136  8:02  Probe  
  136  8:04  Charge (Chrono Boost)  
  138  8:06  Void Ray  
  138  8:07  Void Ray  
  138  8:08  Photon Cannon  
  138  8:10  Templar Archives  
  142  8:19  Shield Battery  
  146  8:21  Probe x3  
  149  8:33  Probe  
  150  8:39  Immortal (Chrono Boost)  
  150  8:40  Protoss Ground Weapons Level 2 (Chrono Boost)  
  150  8:41  Psionic Storm, Immortal (Chrono Boost)  
  150  8:43  Probe x2  
  150  8:45  Assimilator, Probe  
  162  8:48  Assimilator, Probe  
  162  8:55  High Templar x2  
  166  9:02  Photon Cannon  
  166  9:05  Photon Cannon  
  166  9:06  Shield Battery  
  166  9:07  Pylon  
  166  9:08  Immortal (Chrono Boost)  
  166  9:16  Pylon, Immortal (Chrono Boost)  
  174  9:19  Pylon  
  174  9:30  Fleet Beacon  
  174  9:33  Observer  
  174  9:35  High Templar x2  
  174  9:37  Zealot x4  
  186  9:39  Immortal (Chrono Boost)  
  186  9:42  Gateway  
  186  9:43  Gateway, Pylon  
  190  9:46  Pylon  
  190  9:48  Observer (Chrono Boost)  
  191  9:53  Void Ray x2  
  199  10:02  Observer  
  200  10:08  Flux Vanes, Photon Cannon  
  200  10:10  Photon Cannon  
  200  10:13  Photon Cannon  
  200  10:14  Shield Battery  
  200  10:16  Nexus  
  200  10:21  Protoss Air Weapons Level 2 (Chrono Boost)  
  200  10:26  Pylon  
  199  10:38  Photon Cannon  
  199  10:39  Photon Cannon x2, Pylon  
  199  10:40  Photon Cannon x2, Pylon, Shield Battery  
  199  10:48  Observer  
  196  10:58  Protoss Shields Level 1 (Chrono Boost)  
  196  11:03  Zealot x5  
  198  11:15  Zealot  
  200  11:31  Observer  
  188  11:35  Zealot x6  
  200  11:44  Void Ray (Chrono Boost)  
  200  11:47  Gateway x2  
  200  12:00  Stargate x2  
  200  12:03  Pylon  
  184  12:16  High Templar x8  
  184  12:21  Archon x3  
  200  12:22  Archon  
  200  12:35  Assimilator  
  200  12:36  Assimilator  
  200  12:37  Pylon  
  194  12:51  Carrier (Chrono Boost)  
  192  13:12  Void Ray (Chrono Boost)  
  192  13:13  Void Ray (Chrono Boost)  
  176  13:21  Void Ray (Chrono Boost)  
  176  13:24  Zealot x10  
  188  13:47  Probe  
  177  13:50  Zealot x7  
  177  13:51  Zealot x3  
Tags
 
Add a new tag
Caveats
  • Supply blocks, unpowered buildings, or Contaminate may cause inaccurate times.
  • Supply counts are checked every 10 seconds.